 Dungeon Crawl Stone Soup version 0.31.0-32-g396128a36d (webtiles) character file.

Game seed: 13106415466886695963

431 AdnanSaban the Cudgeller (level 6, -6/39 HPs)
             Began as a Gargoyle Fighter on Apr 12, 2024.
             Mangled by an orc
             ... wielding a +2 mace of distortion
              (26 damage)
             ... on level 4 of the Dungeon.
             The game lasted 00:03:56 (4479 turns).

AdnanSaban the Cudgeller (Gargoyle Fighter)         Turns: 4479, Time: 00:03:57

Health: -6/39      AC: 12    Str: 21    XL:     6   Next: 99%
Magic:  6/6        EV:  9    Int:  9    God:
Gold:   319        SH:  4    Dex:  9    Spells: 5/5 levels left

rFire   . . .        v - +1 whip (freeze)
rCold   . . .        c - +0 buckler
rNeg    + . .        b - +0 scale mail
rPois   ∞            (no helmet)
rElec   +            y - +0 cloak
rCorr   .            (no gloves)
SInv    .            (no boots)
Will    .....        (no amulet) Stlth
                     (no ring)
HPRegen 0.26/turn    (no ring)
MPRegen 0.10/turn

%: no passive effects
@: no status effects
A: sickness immunity, AC +4, negative energy resistance 1, electricity
resistance, torment resistance 1, petrification resistance
a: no special abilities


You were on level 4 of the Dungeon.
You visited 1 branch of the dungeon, and saw 5 of its levels.

You collected 319 gold pieces.

Inventory:

Hand Weapons
 a - a +0 flail
 v - a +1 whip of freezing (weapon)
Missiles
 o - 2 boomerangs (quivered)
 r - 6 poisoned darts
 u - a throwing net
Armour
 b - a +0 scale mail (worn)
 c - a +0 buckler (worn)
 y - a +0 cloak (worn)
Wands
 q - a wand of charming (6)
Scrolls
 e - a scroll of poison {unknown}
 f - a scroll of enchant armour {unknown}
 g - 4 scrolls of identify {unknown}
 i - a scroll of butterflies {unknown}
 j - 2 scrolls of fear {unknown}
 k - a scroll of enchant weapon {unknown}
 l - 5 scrolls of teleportation {unknown}
 t - 2 scrolls of immolation {unknown}
 w - a scroll of fog {unknown}
 x - a scroll of vulnerability {unknown}
Potions
 d - 3 potions of might
 h - a potion of resistance {unknown}
 m - 3 potions of mutation {unknown}
 n - a potion of lignification {unknown}
 p - 2 potions of ambrosia {unknown}
 s - a potion of haste {unknown}
 z - a potion of curing {unknown}
 A - a potion of brilliance {unknown}


   Skills:
 + Level 4.4 Fighting
 + Level 4.8 Maces & Flails
 + Level 4.7 Armour
 + Level 1.6 Dodging
 + Level 4.1 Shields


You had 5 spell levels left.
You didn't know any spells.
Your spell library contained the following spells:

 Spells                   Type           Power      Damage    Failure   Level
 Slow                     Hex            0%         N/A       78%         1
 Summon Small Mammal      Summ           0%         N/A       78%         1
 Ensorcelled Hibernation  Hex/Ice        0%         N/A       89%         2
 Jinxbite                 Hex            0%         N/A       89%         2
 Mercury Vapours          Alch/Air       0%         N/A       89%         2
 Call Canine Familiar     Summ           0%         N/A       98%         3
 Dazzling Flash           Conj/Hex       0%         N/A       98%         3
 Mephitic Cloud           Conj/Alch/Air  0%         N/A       98%         3
 Cause Fear               Hex            0%         N/A       100%        4
 Summon Blazeheart Golem  Fire/Summ      0%         N/A       100%        4
 Curse of Agony           Necr           0%         N/A       100%        5
 Freezing Cloud           Conj/Ice/Air   0%         6-21      100%        5
 Silence                  Hex/Air        0%         N/A       100%        5
 Summon Forest            Summ/Tloc      0%         N/A       100%        5
 Summon Mana Viper        Hex/Summ       0%         N/A       100%        5
 Summon Cactus Giant      Summ           0%         N/A       100%        6


Dungeon Overview and Level Annotations

Branches:
Dungeon (5/15)
 Temple: D:4-7

Altars:
Makhleb
Trog

Shops:
D:2 [!?:

Annotations:
D:5 Dowan, Duvessa


Innate Abilities, Weirdness & Mutations

You are immune to sickness and miasma.
Your stone body is resilient. (AC +4)
You are immune to poison.
You resist negative energy. (rN+)
You are resistant to electric shocks. (rElec)
You are resistant to unholy torment.
You are immune to petrification.


Message History

There is an open door here.
There is a stone staircase leading down here.
You climb downwards.
Level annotation: Dowan, Duvessa The orc shouts! x2
The orc throws a boomerang.
The boomerang hits you but does no damage.
There is a stone staircase leading up here.
The orc closely misses you.
An orc comes into view.
It is wielding a +2 mace of distortion and wearing a +2 chain mail of cold resistance.
You hit the orc. You freeze the orc.
The orc is heavily wounded.
The orc hits you with a +0 trident.
The orc throws a boomerang.
You block the boomerang.
You hit the orc but do no damage.
The orc is heavily wounded.
The orc hits you but does no damage.
You hit the orc but do no damage.
The orc is heavily wounded.
You hit the orc but do no damage.
The orc is heavily wounded.
You block the orc's attack. The orc hits you but does no damage.
The orc barely misses you.
There is a stone staircase leading up here.
You hit the orc but do no damage.
The orc hits you from afar with a +0 trident.
The orc hits you but does no damage. The orc barely misses you.
The orc closely misses you. You block the orc's attack.
You climb upwards.
There is a stone staircase leading down here.
You block the orc's attack. The orc attacks as it pursues you!
The orc hits you but does no damage. The orc attacks as it pursues you!
The orc hits you but does no damage. Space warps horribly around you!
You hit the orc but do no damage. The orc hits you but does no damage.
Space warps horribly around you!!
Ouch! That really hurt!
You die...

#.# #.######.#.#.##....###### #.#
#.# #...#.##....# #.#
#.#########..####### ####
#.###.##.....#..## #...
#...#'##.###.#.## #... ###..(.#.#
#>[.# #... ####.#...^'.# #o###
########... #....#....### #o#
#......'... ##+##'#....# #@#
#.######... ...........# #.###
#.#........
........########...####.#.#######
........# #...##......#.#
........# #...#######...#
........#####...# #...#
........#.......# #...###
....)...#.......# #.#...#
........#.......#######.#.#.##


You could see 2 orcs.

Vanquished Creatures
  A kobold brigand (D:4)
  A scorpion (D:5)
  A hound (D:4)
  An orc priest (D:4)
  An iguana (D:4)
  An orc wizard (D:4)
  6 adders
  4 gnolls (D:3)
  2 ribbon worms (D:2)
  3 dart slugs
  10 orcs
  7 ball pythons
  7 endoplasms
  4 giant cockroaches
  8 goblins
  5 hobgoblins
  5 jackals (D:3)
  A quokka (D:4)
  4 bats
  2 frilled lizards
  11 kobolds
  2 rats (D:4)
87 creatures vanquished.

Notes
Turn   | Place    | Note
-------+----------+-------------------------------------------
     0 | D:1      | AdnanSaban the Gargoyle Fighter began the quest for the
                  | Orb.
     0 | D:1      | Reached XP level 1. HP: 14/14 MP: 1/1
   110 | D:1      | Reached XP level 2. HP: 19/19 MP: 2/2
   831 | D:2      | Reached XP level 3. HP: 20/24 MP: 3/3
  1129 | D:2      | Found Ablon's Book Shoppe.
  1168 | D:2      | Found Coamnyga's Distillery.
  1193 | D:2      | Reached XP level 4. HP: 27/29 MP: 4/4
  1293 | D:2      | Found Utzoosh's Armour Shop.
  1495 | D:2      | Found Rutao's Magic Scroll Emporium.
  2250 | D:3      | Found a faded altar of an unknown god.
  2289 | D:3      | Got the Discourse on Charms
  2545 | D:3      | Reached XP level 5. HP: 28/33 MP: 5/5
  2621 | D:3      | Reached skill level 1 in Dodging
  3009 | D:4      | Noticed a kobold brigand
  3044 | D:4      | Killed a kobold brigand
  3248 | D:4      | HP: 1/33 [iguana (10)]
  3251 | D:4      | Reached XP level 6. HP: 2/38 MP: 6/6
  3424 | D:4      | Found a burning altar of Makhleb.
  4203 | D:5      | Entered Level 5 of the Dungeon
  4337 | D:5      | Found a bloodstained altar of Trog.
  4377 | D:5      | Noticed Duvessa
  4378 | D:5      | Noticed Dowan
  4479 | D:4      | Mangled by an orc

Illustrated notes

Levels and vault maps discovered:
D:1:      moated_graveyard_arrival, layout_basic, moated_statue
D:2:      layout_loops_corners, serial_shops, shop,
          nicolae_shop_temple_entry_statues_fountains, shop, shop,
          minmay_fractal_squares_5
D:3:      layout_basic, hellmonk_ecumenical_altar_prayer_group
D:4:      layout_basic, general_overflow_altar, lexackson_kobold_supper
D:5:      layout_cave_pods, bloody_trog, marbit_many_paths,
          mainiacjoe_overflow_small_starburst, minmay_temple_entry_slanted,
          uniq_duvessa, uniq_sigmund

Skill      XL: |  1  2  3  4  5 |
---------------+----------------+-----
Fighting       | 4 |  4.4
Maces & Flails | 3 4 |  4.8
Dodging        | 1 |  1.6
Armour         | 4 |  4.7
Shields        | 4 |  4.1

Action                     |  1- 3 |  4- 6 || total
---------------------------+-------+-------++-------
  Melee: Flail             |   102 |    96 ||   198
         Whip              |       |   155 ||   155
 Armour: Scale mail        |    65 |   186 ||   251
  Dodge: Dodged            |    45 |    77 ||   122
  Block: Buckler           |    27 |    43 ||    70
